 Dungeon Crawl Stone Soup version 0.31-a0-369-g8eba5f6939 (webtiles) character file.

Game seed: 12719908539105111138

9 drugrobin the Sneak (level 1, -6/18 HPs)
             Began as a Demigod Delver on July 29, 2023.
             Killed from afar by a white imp (8 damage)
             ... with a puff of frost
             ... on level 5 of the Dungeon.
             The game lasted 00:00:15 (26 turns).

drugrobin the Sneak (Demigod Delver)                  Turns: 26, Time: 00:00:16

Health: -6/18      AC:  3    Str: 13    XL:     1   Next: 86%
Magic:  3/3        EV: 11    Int: 12    God:
Gold:   0          SH:  0    Dex: 15    Spells: 0/0 levels left

rFire   . . .        a - +0 hand axe
rCold   . . .        (no shield)
rNeg    . . .        b - +0 leather armour
rPois   .            (no helmet)
rElec   .            (no cloak)
rCorr   .            (no gloves)
SInv    .            (no boots)
Will    .....        (no amulet)
Stlth   +++          (no ring)
HPRegen 0.23/turn    (no ring)
MPRegen 0.08/turn

%: no passive effects
@: no status effects
A: high MP 1, forlorn, divine attributes
a: no special abilities


You were on level 5 of the Dungeon.
You visited 1 branch of the dungeon, and saw 1 of its levels.

Inventory:

Hand Weapons
 a - a +0 hand axe (weapon)
Armour
 b - a +0 leather armour (worn)
Wands
 g - a wand of digging (3)
Scrolls
 c - a scroll of fog
 d - a scroll of revelation
 e - a scroll of fear
Potions
 f - a potion of haste


   Skills:
 - Level 2.6 Fighting
 + Level 2.5 Axes
 - Level 1.7 Dodging
 - Level 4.5 Stealth


You couldn't memorise any spells.
You didn't know any spells.
Your spell library was empty.

Dungeon Overview and Level Annotations

Branches:
Dungeon (5/15)
 Temple: D:4-7


Innate Abilities, Weirdness & Mutations

You have an increased reservoir of magic. (+10% MP)
You shall have no god before yourself.
Your divine heritage dramatically boosts your attributes as you level up.


Message History

A white imp comes into view.
The white imp shouts, "Accept thy doom, thou peeagling folly-fallen flim-flammer!"
You miss the adder. The adder misses you.
You hit the adder.
The adder is moderately wounded.
The adder completely misses you. The adder barely misses you.
You closely miss the adder.
The adder is moderately wounded.
The adder bites you but does no damage. The adder completely misses you.
You hit the adder.
The adder is moderately wounded.
The adder bites you. The white imp barely misses you.
You slash the adder!
You kill the adder!
You closely miss the white imp.
The white imp hits you but does no damage.
Your Axes skill increases to level 2!
Unknown command.
Unknown command.
You closely miss the white imp.
An orc comes into view. It is wielding a +0 hand axe.
The white imp hits you. The white imp freezes you.
Unknown command.
The white imp gestures at you. The puff of frost hits you!
Ouch! That really hurt!
* * * LOW HITPOINT WARNING * * *
You see here an adder corpse.
Unknown command.
Unknown command.
Unknown command.
Unknown command.
Unknown command.
Unknown command.
Unknown command.
An orc wizard and an orc come into view.
The orc shouts!
You hear a shout!
The white imp gestures at you. The puff of frost hits you!
You die...

### #.#######
########†5.....##
.......#.@......#
...=.o.........##
...o............#
..o....##.......#
####### #......##
##.......#
.........#
.......>.#
##......##


You could see an orc wizard (wandering), a white imp and 2 orcs.

Vanquished Creatures
  An adder (D:5)
1 creature vanquished.

Notes
Turn   | Place    | Note
-------+----------+-------------------------------------------
     0 | D:5      | drugrobin the Demigod Delver began the quest for the Orb.
     0 | D:5      | Reached XP level 1. HP: 18/18 MP: 3/3
    26 | D:5      | Noticed an orc wizard
    26 | D:5      | Killed from afar by a white imp

Illustrated notes

Levels and vault maps discovered:
D:5:      layout_gridville, st_stairs_13

Skill      XL: |  1 |
---------------+----+-----
Axes           | 2 |  2.5
Fighting       | |  2.6
Dodging        | |  1.7
Stealth        | |  4.5

Action                     || total
---------------------------++-------
  Melee: Hand axe          ||     6
 Armour: Leather armour    ||     2
  Dodge: Dodged            ||     5

Table legend: (Time is in decaauts)
 A = Elapsed time spent in this place.
 B = Non-inter-level travel time spent in this place.
 C = Inter-level travel time spent in this place.
 D = Time resting spent in this place.
 E = Time spent auto-exploring this place.
 F = Levels seen in this place.
 G = Mean time per level.
                   A        B        C        D        E       F      G
               +--------+--------+--------+--------+--------+-----+--------+
         Total |     27 |     27 |      0 |      0 |     13 |   1 |   27.0 |
       Dungeon |     27 |     27 |      0 |      0 |     13 |   1 |   27.0 |
               +--------+--------+--------+--------+--------+-----+--------+

Top non-repeatable levels by time:
     D:5: 27 daAuts
